 Dungeon Crawl Stone Soup version 0.28-a0-1033-g1a2f33fa85 (webtiles) character file.

Game seed: 2617992016090554500

16 Umoon2 the Ducker (level 2, 0/23 HPs)
             Began as a Demonspawn Gladiator on Dec 7, 2021.
             Succumbed to a goblin's poison
             ... on level 1 of the Dungeon.
             The game lasted 00:00:56 (1190 turns).

Umoon2 the Ducker (Demonspawn Gladiator)            Turns: 1190, Time: 00:00:57

Health: 0/23       AC:  5    Str: 14    XL:     2   Next: 41%
Magic:  2/2        EV: 11    Int:  9    God:
Gold:   69         SH:  3    Dex: 14    Spells: 1/1 levels left

rFire   . . .      SeeInvis .   a - +0 rapier
rCold   . . .      Faith    .   k - +0 buckler
rNeg    . . .      Spirit   .   b - +0 leather armour
rPois   .          Reflect  .   c - +0 helmet
rElec   .          Harm     .   (no cloak)
rCorr   .          Rampage  .   l - +0 pair of gloves
Will    .....                   (no boots)
Stlth   +.........              (no amulet)
HPRegen 0.07/turn               (no ring)
MPRegen 0.08/turn               (no ring)

@: lethally poisoned (0 -> -2)
A: hooves 1
a: no special abilities


You were on level 1 of the Dungeon.
You visited 1 branch of the dungeon, and saw 2 of its levels.

You collected 69 gold pieces.

Inventory:

Hand Weapons
 a - a +0 rapier (weapon)
Missiles
 d - 3 throwing nets (quivered)
Armour
 b - a +0 leather armour (worn)
 c - a +0 helmet (worn)
 k - a +0 buckler (worn)
 l - a +0 pair of gloves (worn)
Scrolls
 f - a scroll of magic mapping {unknown}
 g - 5 scrolls of identify {unknown}
 h - a scroll of amnesia {unknown}
 i - a scroll of vulnerability {unknown}
 j - a scroll of teleportation {unknown}
Potions
 e - a potion of cancellation {unknown}


   Skills:
 + Level 2.4 Fighting
 - Level 2.6 Short Blades
 - Level 1.7 Throwing
 + Level 0.8 Armour
 + Level 2.9 Dodging
 + Level 0.3 Shields


You had one spell level left.
You didn't know any spells.
Your spell library was empty.

Dungeon Overview and Level Annotations

Branches:
Dungeon (2/15)

Altars:

Annotations:
D:2 Robin


Innate Abilities, Weirdness & Mutations

You have large cloven feet.


Message History

The goblin shouts! x2; The hobgoblin shouts!
The goblin shouts! x4
Found a scroll labelled QORAIRCHU ORYL.
Found a stone staircase leading down.
There is a stone staircase leading up here.
There are monsters nearby!
There are monsters nearby!
There are monsters nearby!
The goblin barely misses you.
You climb upwards.
There is a stone staircase leading down here.
Unknown command.
You climb downwards.
Level annotation: Robin Robin throws the goblin at you!
The goblin hits you but does no damage.
The goblin hits you with a +0 dagger. x2
The goblin hits you but does no damage.
There is a stone staircase leading up here.
Unknown command.
The goblin barely misses you. The goblin hits you with a +0 club.
You block the goblin's attack. The goblin hits you with a +0 dagger.
The goblin hits you with a +1 dagger of venom.
You are poisoned.
You block the goblin's attack.
You climb upwards.
You feel very sick.
There is a stone staircase leading down here.
You hit the goblin but do no damage. You kick the goblin.
You kill the goblin!
You feel sick. The goblin closely misses you.
You miss the goblin. Your kick misses the goblin.
You feel sick. You block the goblin's attack.
The goblin hits you with a +0 dagger.
* * * LOW HITPOINT WARNING * * *
Unknown command.
You puncture the goblin!
You kill the goblin!
You feel sick. The goblin hits you with a +0 dagger.
* * * LOW HITPOINT WARNING * * *
The goblin closely misses you. The goblin hits you but does no damage.
Unknown command.
You barely miss the goblin.
You die...

...# #.#(#
##.# #(#.#
#.# ##.#.#
#.# #....#
#.# #..###
#.# #..# ##.#
#..# ...#
##.(#### ####
#..ggg@#
##..##g#
########.##.#
#........##.#
#.#########.#
#†# #.# #.#
#.# #.# #.#
#.# #.#


You could see 4 goblins.

Vanquished Creatures
  An endoplasm (D:1)
  4 goblins (D:1)
  4 jackals (D:1)
  A kobold (D:1)
  A quokka (D:1)
  A ball python (D:1)
  A frilled lizard (D:1)
13 creatures vanquished.

Notes
Turn   | Place    | Note
-------+----------+-------------------------------------------
     0 | D:1      | Umoon2 the Demonspawn Gladiator began the quest for the
                  | Orb.
     0 | D:1      | Reached XP level 1. HP: 16/16 MP: 1/1
   749 | D:1      | Gained mutation: You have large cloven feet. [demonic
                  | ancestry]
   749 | D:1      | Reached XP level 2. HP: 7/22 MP: 2/2
  1180 | D:2      | Noticed Robin
  1189 | D:1      | HP: 1/23 [goblin[Robin] (3)]
  1190 | D:1      | Succumbed to a goblin's poison

Illustrated notes

Levels and vault maps discovered:
D:1:      dpeg_arrival_rhombus, layout_loops_ring
D:2:      layout_basic, chequers_hall_statues_y, uniq_terence, uniq_robin

Action                   || total
-------------------------++-------
Melee: Rapier            ||    48
       Kick              ||     3
 Stab: Sleeping          ||     1
Armor: Leather armour    ||    20
Dodge: Dodged            ||    18
Block: Buckler           ||     8

Table legend: (Time is in decaauts)
 A = Elapsed time spent in this place.
 B = Non-inter-level travel time spent in this place.
 C = Inter-level travel time spent in this place.
 D = Time resting spent in this place.
 E = Time spent auto-exploring this place.
 F = Levels seen in this place.
 G = Mean time per level.
                   A        B        C        D        E       F      G
               +--------+--------+--------+--------+--------+-----+--------+
         Total |   1197 |   1179 |     18 |    367 |    650 |   2 |  598.5 |
       Dungeon |   1197 |   1179 |     18 |    367 |    650 |   2 |  598.5 |
               +--------+--------+--------+--------+--------+-----+--------+

Top non-repeatable levels by time:
     D:1: 1193 daAuts
     D:2: 4 daAuts
